 Dungeon Crawl Stone Soup version 0.31-a0-1074-g0b22e4e0f1 (webtiles) character file.

Game seed: 13335270962602194624

13 drugrobin the Sneak (level 2, -2/25 HPs)
             Began as a Demigod Delver on Dec 7, 2023.
             Slain by a human skeleton (4 damage)
             ... on level 4 of the Dungeon.
             The game lasted 00:04:40 (565 turns).

drugrobin the Sneak (Demigod Delver)                 Turns: 565, Time: 00:04:41

Health: -2/25      AC:  3    Str: 13    XL:     2   Next: 12%
Magic:  4/4        EV: 11    Int: 12    God:
Gold:   26         SH:  0    Dex: 15    Spells: 1/1 levels left

rFire   . .          .
                       - Unarmed
rCold   . . .        (no shield)
rNeg    . . .        a - +0 leather armour
rPois   .            (no helmet)
rElec   .            (no cloak)
rCorr   .            (no gloves)
SInv    .            (no boots)
Will    .....        (no amulet)
Stlth   +++          (no ring)
HPRegen 0.24/turn    (no ring)
MPRegen 0.09/turn

%: no passive effects
@: no status effects
A: high MP 1, forlorn, divine attributes
a: no special abilities


You were on level 4 of the Dungeon.
You visited 1 branch of the dungeon, and saw 3 of its levels.
You also visited: Sewer.

You collected 26 gold pieces.

Inventory:

Missiles
 h - a boomerang (quivered)
Armour
 a - a +0 leather armour (worn)
Wands
 f - a wand of digging (1)
 i - a wand of polymorph (13)
Scrolls
 b - a scroll of fog
Potions
 e - a potion of haste
 g - a potion of lignification {unknown}


   Skills:
 - Level 2.6 Fighting
 - Level 1.7 Dodging
 - Level 4.5 Stealth
 + Level 2.7 Unarmed Combat


You had one spell level left.
You didn't know any spells.
Your spell library contained the following spells:

 Spells                   Type           Power      Damage    Failure   Level
 Necrotise                Necr           0%         1d4       38%         1
 Vampiric Draining        Necr           0%         2d6       77%         3
 Agony                    Necr           0%         N/A       100%        5


Dungeon Overview and Level Annotations

Branches:
Dungeon (5/15)              Sewer (visited)
 Temple: D:4-7

Shops:
D:3 :(

Portals:
Ossuary: D:4

Annotations:
D:3 exclusions: sleepcap and water moccasin
D:4 Menkaure
D:5 exclusion: hound


Innate Abilities, Weirdness & Mutations

You have an increased reservoir of magic. (+10% MP)
You shall have no god before yourself.
Your divine heritage dramatically boosts your attributes as you level up.


Message History

You open the door.
A human skeleton comes into view.
Found a sand-covered staircase.
There is an open door here.
The helpless human skeleton fails to defend itself.
You hit the human skeleton.
The human skeleton is lightly damaged.
You hear the brisk hiss of an avalanche of sand.
The human skeleton hits you.
You hit the human skeleton.
The human skeleton is moderately damaged.
The human skeleton closely misses you.
Unknown command.
You hit the human skeleton but do no damage.
The human skeleton is moderately damaged.
The human skeleton hits you.
You barely miss the human skeleton.
The human skeleton is moderately damaged.
Unknown command.
You hit the human skeleton.
The human skeleton is moderately damaged.
The human skeleton hits you.
You hit the human skeleton.
The human skeleton is heavily damaged.
Menkaure points at you and mumbles some strange words.
Pain shoots through your body!
* * * LOW HITPOINT WARNING * * *
The human skeleton hits you.
* * * LOW HITPOINT WARNING * * *
Unknown command.
Unknown command.
You barely miss the human skeleton.
The human skeleton is heavily damaged.
Unknown command.
Unknown command.
Unknown command.
You hit the human skeleton.
The human skeleton is heavily damaged.
The human skeleton hits you.
You die...

*******,,.######.## *,*
,,,,,,,,,........#######*******,*
*******,,.######........,,,,,,,,*
**,** ##...######********* *,*
##.........,,,,,,,,,*
*,####.#########********,*
#,#....#,*,*,*,* *,*
#.#..###+#+#+#+* *,* #.#.##
#Z@.[.+,******* *,* #...#
###...#**,,,,,* *,* #.#.##
*,'..)+,*****,* *,*
#..#..#####'#+#** *,***,*
##......+...#,+,* *,,,,,,
############**** *****,, ***


You could see a human skeleton.

Vanquished Creatures
  2 orcs
  2 ball pythons (Sewer)
  2 giant cockroaches
  A hobgoblin (D:4)
  A kobold (Sewer)
  An orc skeleton (D:4)
  2 rats
11 creatures vanquished.

Notes
Turn   | Place    | Note
-------+----------+-------------------------------------------
     0 | D:5      | drugrobin the Demigod Delver began the quest for the Orb.
     0 | D:5      | Reached XP level 1. HP: 18/18 MP: 3/3
    31 | D:5      | Noticed a hound
    34 | D:5      | Noticed a jelly
   189 | D:4      | Noticed an orc wizard
   194 | D:4      | Noticed an orc wizard
   196 | D:3      | Found Waebig's Antique Weapon Boutique.
   199 | D:3      | Noticed a sleepcap
   232 | D:3      | Noticed a water moccasin
   249 | D:3      | Found Ledenocw's Book Boutique.
   303 | D:3      | Found a glowing drain.
   307 | Sewer    | Entered a sewer
   352 | Sewer    | Noticed a kobold brigand
   388 | D:3      | Reached XP level 2. HP: 5/25 MP: 4/4
   390 | D:3      | HP: 1/25 [worm (3)]
   488 | D:4      | Noticed Menkaure
   556 | D:4      | Found a sand-covered staircase.
   565 | D:4      | Slain by a human skeleton

Illustrated notes

Levels and vault maps discovered:
D:3:      layout_loops_ring, lemuel_coloured_pillars_altar, slow_altar_1,
          nicolae_overflow_ecumenical_swirl, serial_shops, shop,
          nicolae_book_shop_shelving, nicolae_shop_bloodbath_and_beyond,
          gup_sewer_entry_bowl
D:4:      layout_loops_ring, nicolae_uskayaw_dance_hall,
          grunt_temple_overflow_cloverleaf, nicolae_ossuary_entry_catacombs,
          uniq_menkaure
D:5:      gammafunk_cloud_chamber, layout_loops_ring, lemuel_doored_altar,
          minmay_temple_entry_poolview, serial_shops, shop,
          minmay_misc_feat_rows, minmay_fractal_squares_diagonal_5

Skill      XL: |  1 |
---------------+----+-----
Unarmed Combat | 2 |  2.7
Fighting       | |  2.6
Dodging        | |  1.7
Stealth        | |  4.5

Action                     || total
---------------------------++-------
  Melee: Unarmed           ||    48
         Punch             ||     1
  Evoke: Wand              ||     3
    Use: Scroll            ||     3
         Potion            ||     2
   Stab: Sleeping          ||     4
 Armour: Leather armour    ||    44
  Dodge: Dodged            ||    35

Table legend: (Time is in decaauts)
 A = Elapsed time spent in this place.
 B = Non-inter-level travel time spent in this place.
 C = Inter-level travel time spent in this place.
 D = Time resting spent in this place.
 E = Time spent auto-exploring this place.
 F = Levels seen in this place.
 G = Mean time per level.
                   A        B        C        D        E       F      G
               +--------+--------+--------+--------+--------+-----+--------+
         Total |    567 |    510 |     57 |     30 |     26 |   4 |  141.8 |
       Dungeon |    478 |    421 |     57 |     30 |     26 |   3 |  159.3 |
         Sewer |     88 |     88 |      0 |      0 |      0 |   1 |   88.0 |
               +--------+--------+--------+--------+--------+-----+--------+

Top non-repeatable levels by time:
     D:3: 227 daAuts
     D:4: 130 daAuts
     D:5: 121 daAuts
   Sewer: 88 daAuts
